 Dungeon Crawl Stone Soup version 0.17.2-1-ge4368a0 (webtiles) character file.

36 Goblin1989 the Insei (level 3, -1/18 HPs)
             Began as a Spriggan Transmuter on Sept 13, 2017.
             Slain by a sky beast (3 damage)
             ... on level 3 of the Dungeon.
             The game lasted 00:05:02 (2427 turns).

Goblin1989 the Insei (Spriggan Transmuter)          Turns: 2427, Time: 00:05:02

Health: -1/18      AC:  2    Str:  6    XL:     3   Next: 19%
Magic:  14/17      EV: 13    Int: 15    God:
Gold:   89         SH:  0    Dex: 16    Spells: 2 memorised, 4 levels left

rFire  . . .     SeeInvis +       - Unarmed
rCold  . . .     Clarity  .     m - +0 robe
rNeg   . . .     SustAt   .     (shield restricted)
rPois  .         Gourm    .     (helmet restricted)
rElec  .         Spirit   .     (no cloak)
rCorr  .         Warding  .     (gloves unavailable)
rMut   .         Stasis   .     (boots unavailable)
MR     .....                    (no amulet)
Stlth  +.........               (no ring)
                                q - ring of magical power

@: appendage (expiring), very quick, not resistant to hostile enchantments, very
unstealthy
A: unfitting armour, horns 2, see invisible, herbivore 3, speed 3, slow
metabolism 2
a: End Transformation


You were on level 3 of the Dungeon.
You were not hungry.
You had grown temporary horns.
You visited 1 branch of the dungeon, and saw 3 of its levels.

You collected 89 gold pieces.

Inventory:

Hand Weapons
 b - a +0 whip of venom
Missiles
 a - 39 arrows
Armour
 m - a +0 robe (worn)
Jewellery
 q - a ring of magical power (left hand)
Scrolls
 f - 2 scrolls of identify {unknown}
 g - a scroll of remove curse {unknown}
 h - a scroll of enchant weapon {unknown}
 i - 2 scrolls of teleportation {unknown}
 l - 2 scrolls of recharging {unknown}
 n - a scroll of amnesia {unknown}
Potions
 d - 2 potions of agility {unknown}
 j - a potion of heal wounds {unknown}
 k - 3 potions of lignification {unknown}
 o - a potion of invisibility {unknown}
 p - a potion of flight {unknown}
 r - a potion of curing {unknown}
 t - a potion of might {unknown}
Books
 c - a book of Changes

   Spells                             Type                      Level
   a - Beastly Appendage              Transmutation                1
   b - Sticks to Snakes               Transmutation                2
   c - Spider Form                    Transmutation/Poison         3
   d - Ice Form                       Ice/Transmutation            4
   e - Blade Hands                    Transmutation                5
Comestibles
 e - 2 bread rations {@e1}
 s - a slice of pizza


   Skills:
 + Level 1.0 Fighting
 + Level 3.2 Dodging
 * Level 3.3 Unarmed Combat
 + Level 2.8 Spellcasting
 + Level 2.8 Transmutations


You had 4 spell levels left.
You knew the following spells:

 Your Spells              Type           Power        Failure   Level  Hunger
a - Beastly Appendage     Trmt           ##....       8%          1    #......
b - Sticks to Snakes      Trmt           ##........   12%         2    ##.....


Dungeon Overview and Level Annotations

Branches:
Dungeon (3/15)

Altars:


Innate Abilities, Weirdness & Mutations

You are tiny and cannot use many weapons and most armour.
You have supernaturally acute eyesight.
You are a herbivore.
You cover ground extremely quickly.
You need consume almost no food.
You have a pair of horns on your head.


Message History

The orc shouts!
A quokka comes into view.
You see here 19 sling bullets.
You take 7 damage, and have 10/18 hp.
O_OOPS!!
MASSIVE DAMAGE!!
You hear a shout!
The orc misses your adder.
Your adder bites something.
Your adder poisons something!
Something closely misses your adder.
Your adder barely misses something.
You feel a bit more experienced.
There is a stone staircase leading up here.
You climb upwards.
There is a stone staircase leading down here.
You see here 17 stones.
You see here 30 bolts.
Magic restored.
There is a stone staircase leading up here.
There is a stone staircase leading down here.
You regained 2 hp, and now have 12/18 hp.
MP restored: 17 You start resting.
HP restored.
Health restored: 18 Saving game... please wait.
Welcome back, Goblin1989 the Spriggan Transmuter.
Press ? for a list of commands and other information.
You climb downwards.
A sky beast comes into view.
There is a stone staircase leading up here.
Cast which spell? (? or * to list)
You create a snake!
The sky beast moves out of view.
You now have 15/17 mp.
Unknown command.
Casting: Sticks to Snakes
Confirm with . or Enter, or press ? or * to list all spells.
You create a snake!
You now have 13/17 mp.
Casting: Sticks to Snakes
Confirm with . or Enter, or press ? or * to list all spells.
You grow a pair of large bovine horns.
The sky beast flickers out of sight for a moment.
The sky beast hits your adder. The sky beast shocks your adder.
Your adder dies!
Your ball python closely misses the sky beast.
You now have 12/17 mp.
Your ball python completely misses the sky beast.
You closely miss the sky beast. Your headbutt misses the sky beast.
The sky beast misses you.
You completely miss the sky beast. The sky beast barely misses you.
You hit the sky beast.
The sky beast is lightly wounded.
The sky beast closely misses you.
You barely miss the sky beast.
The sky beast is lightly wounded.
The sky beast completely misses you.
You closely miss the sky beast. The sky beast completely misses you.
You barely miss the sky beast. You headbutt the sky beast.
The sky beast is lightly wounded.
The sky beast barely misses you.
You barely miss the sky beast.
The sky beast is lightly wounded.
You hit the sky beast.
The sky beast is lightly wounded.
The sky beast misses you.
You hit the sky beast. Your headbutt misses the sky beast.
The sky beast is moderately wounded.
Your transformation is almost over.
The sky beast closely misses you.
You hit the sky beast.
The sky beast is heavily wounded.
The sky beast hits you. The sky beast shocks you.
You take 6 damage, and have 12/18 hp.
O_OOPS!!
MASSIVE DAMAGE!!
You closely miss the sky beast.
The sky beast is heavily wounded.
The sky beast misses you.
You barely miss the sky beast. Your headbutt misses the sky beast.
The sky beast is heavily wounded.
The sky beast misses you.
Your ball python barely misses the sky beast.
You closely miss the sky beast.
The sky beast is heavily wounded.
The sky beast completely misses you.
Your ball python bites the sky beast but does no damage.
You closely miss the sky beast.
The sky beast is heavily wounded.
The sky beast misses you.
Your ball python bites the sky beast.
You miss the sky beast. You headbutt the sky beast.
The sky beast is heavily wounded.
Your ball python bites the sky beast but does no damage.
The sky beast hits you.
* * * LOW HITPOINT WARNING * * *
The sky beast shocks you.
* * * LOW HITPOINT WARNING * * *
You take 11 damage, and have 2/18 hp.
O_OOPS!!
MASSIVE DAMAGE!!
You can't go down here!
Unknown command.
Your ball python barely misses the sky beast.
Something closely misses your ball python.
The sky beast hits you.
You die...

.█ █.█ █.█ █.█
█.█████ █%....█
.███..█ .██████████
oooS..█...o...o.@.█
█.██..█.........Y.█
█.█............S█.█
█.█.█.█......... .█
█.o.█.█████████. .█
████<..†..... .. .█
█.████████ .. .█
█.. █.. .█ ....


You could see a sky beast, 2 orcs and a friendly ball python.

Vanquished Creatures
  An ooze (D:1)
  3 giant geckos
  4 giant cockroaches
  2 hobgoblins (D:1)
  4 bats (D:2)
  2 giant newts
  2 goblins
  A jackal (D:1)
  3 kobolds
  2 rats
24 creatures vanquished.

Vanquished Creatures (collateral kills)
  An adder (D:3)
  An orc (D:3)
  A kobold (D:1)
3 creatures vanquished.

Grand Total: 27 creatures vanquished

Notes
Turn   | Place    | Note
--------------------------------------------------------------
     0 | D:1      | Goblin1989 the Spriggan Transmuter began the quest for the Orb.
     0 | D:1      | Reached XP level 1. HP: 9/9 MP: 5/5
   387 | D:1      | Reached XP level 2. HP: 3/14 MP: 4/6
   956 | D:1      | Learned a level 2 spell: Sticks to Snakes
  1896 | D:2      | Reached XP level 3. HP: 15/17 MP: 8/8
  2257 | D:3      | Reached skill level 1 in Fighting
  2407 | D:3      | Noticed a sky beast
  2427 | D:3      | Slain by a sky beast

Action                   || total
-------------------------++-------
Melee: Unarmed           ||    95
 Cast: Beastly Appendage ||     7
       Sticks to Snakes  ||     6
 Stab: Sleeping          ||     3

Vault maps used:
D:1:      nicolae_arrival_washed_ashore, st_stairs_8
D:2:      first_bread
D:3:      minmay_goblin_kobold_castle, lemuel_round_altar,
          nicolae_gozag_seed_capital
